 Dungeon Crawl Stone Soup version 0.19-a0-328-g3707654 (webtiles) character file.

140 mistymad the Conjurer (level 5, 0/41 HPs)
             Began as a Draconian Conjurer on May 28, 2016.
             Slain by an orc wizard
             ... wielding a +0 dagger
              (2 damage)
             ... on level 2 of the Dungeon.
             The game lasted 00:04:52 (2000 turns).

mistymad the Conjurer (Draconian Conjurer)          Turns: 2000, Time: 00:04:53

Health: 0/41       AC:  5    Str: 10    XL:     5   Next: 2%
Magic:  7/8        EV: 13    Int: 16    God:
Gold:   157        SH:  0    Dex: 12    Spells: 2 memorised, 6 levels left

rFire  . . .     SeeInvis .     (no weapon)
rCold  . . .     Gourm    .     (armour unavailable)
rNeg   . . .     Faith    .     (no shield)
rPois  .         Spirit   .     (helmet restricted)
rElec  .         Dismiss  .     (no cloak)
rCorr  .         Reflect  .     (no gloves)
SustAt .         Harm     .     (no boots)
MR     .....                    (no amulet)
Stlth  +.........               (no ring)
                                l - ring of flight

@: confused, not resistant to hostile enchantments, very unstealthy
A: unfitting armour, cold-blooded, AC +5
a: Evoke Flight


You were on level 2 of the Dungeon.
You were not hungry.

You visited 1 branch of the dungeon, and saw 3 of its levels.

You collected 157 gold pieces.

Inventory:

Jewellery
 l - a ring of flight (left hand)
Scrolls
 c - a scroll of identify {unknown}
 d - 2 scrolls of recharging {unknown}
 e - 3 scrolls of blinking {unknown}
 f - 2 scrolls of noise {unknown}
 i - 2 scrolls of teleportation {unknown}
 p - a scroll of remove curse {unknown}
Potions
 h - a potion of cure mutation {unknown}
 j - 2 potions of curing {unknown}
 k - a potion of might {unknown}
 n - a potion of brilliance {unknown}
 o - a potion of ambrosia {unknown}
Books
 a - a book of Conjurations

   Spells                             Type                      Level
   a - Magic Dart                     Conjuration                  1
   b - Searing Ray                    Conjuration                  2
   c - Dazzling Spray                 Conjuration/Hexes            3
   d - Fulminant Prism                Conjuration/Hexes            4
   e - Iskenderun's Mystic Blast      Conjuration                  4
   f - Iskenderun's Battlesphere      Conjuration/Charms           5
Comestibles
 b - 2 bread rations
 g - 2 meat rations
 m - a chunk of flesh


   Skills:
 + Level 2.1 Fighting
 + Level 2.6 Dodging
 + Level 2.8 Stealth
 + Level 2.5 Spellcasting
 + Level 4.5 Conjurations


You had 6 spell levels left.
You knew the following spells:

 Your Spells              Type           Power        Failure   Level  Hunger
a - Magic Dart            Conj           ###.         3%          1    #......
b - Searing Ray           Conj           ###...       6%          2    ##.....


Dungeon Overview and Level Annotations

Branches:
Dungeon (3/15)

Altars:


Innate Abilities, Weirdness & Mutations

Your plain brown scales are hard (AC +5).
Your body does not fit into most forms of armour.
You are cold-blooded and may be slowed by cold attacks.


Message History

You closely miss something. Something hits you but does no damage.
You closely miss something. Something hits you but does no damage.
You hit something. Something barely misses you.
Your magical contamination has completely faded away.
You miss something.
You hear some strange, mumbled words.
You are confused.
You bump into the rock wall.
Something hits you.
* * * LOW HITPOINT WARNING * * *
You take 4 damage, and have 7/41 hp.
You're too confused to cast spells.
You completely miss something.
You hear some strange, mumbled words.
Something tries to affect you, but you resist.
You bump into the rock wall.
Something hits you but does no damage.
You're too confused to move!
Something hits you.
* * * LOW HITPOINT WARNING * * *
You take 5 damage, and have 2/41 hp.
You bump into the rock wall.
Something hits you.
You die...

# ## .## ##########
#.######### #........#
#.........# #.######.#
#..(.####.##############.##
#.# .....#
#.....>)@.........# ###.#
#....# ################.##
#.... #.#.## #..........#
#.### ..#..### #.########.#
#.# # .......# #.#
#.###.### ####.#.# #.#
#........ ####.#.# #.#
########. .....<.# #.# #.
####...# #.# #.


There were no monsters in sight!

Vanquished Creatures
  Ijyb (D:2)
  Natasha (thrice) (D:2)
  An adder (D:2)
  A worm (D:2)
  A dart slug (D:2)
  A giant gecko (D:1)
  An orc (D:2)
  A giant cockroach (D:1)
  2 hobgoblins (D:1)
  4 bats
  4 giant newts (D:1)
  3 goblins (D:1)
  2 kobolds (D:2)
  5 rats
30 creatures vanquished.

Notes
Turn   | Place    | Note
--------------------------------------------------------------
     0 | D:1      | mistymad the Draconian Conjurer began the quest for the Orb.
     0 | D:1      | Reached XP level 1. HP: 14/14 MP: 3/3
   320 | D:1      | Reached XP level 2. HP: 22/22 MP: 0/5
   738 | D:1      | You fall through a shaft!
   764 | D:2      | Learned a level 2 spell: Searing Ray
   774 | D:2      | Reached skill level 1 in Fighting
   934 | D:2      | Noticed Ijyb
   946 | D:2      | Killed Ijyb
   946 | D:2      | Reached XP level 3. HP: 28/28 MP: 0/6
  1363 | D:2      | Noticed Natasha
  1368 | D:2      | Killed Natasha
  1368 | D:2      | Reached XP level 4. HP: 36/36 MP: 1/7
  1638 | D:2      | Noticed Natasha
  1643 | D:2      | Killed Natasha
  1833 | D:2      | Noticed Natasha
  1846 | D:2      | Killed Natasha
  1846 | D:2      | Reached XP level 5. HP: 34/41 MP: 4/8
  1999 | D:2      | HP: 2/41 [something (5)]
  2000 | D:2      | Slain by an orc wizard

Vault maps used:
D:1:      moated_graveyard_arrival, minmay_misc_feat_four_crosses
D:2:      first_bread, uniq_iyjb, uniq_natasha
D:3:      gammafunk_temple_overflow_statue, uniq_robin

Skill      XL: |  1  2  3  4 |
---------------+-------------+-----
Stealth        | 2 |  2.8
Fighting       | 1 2 |  2.1
Dodging        | 2 |  2.6
Spellcasting   | |  2.5
Conjurations   | |  4.5

Action                   |  1- 3 |  4- 6 || total
-------------------------+-------+-------++-------
Melee: Unarmed           |   101 |    19 ||   120
       Tailslap          |    10 |       ||    10
 Cast: Magic Dart        |    16 |       ||    16
       Searing Ray       |     4 |     4 ||     8
 Stab: Sleeping          |     1 |     1 ||     2
  Eat: Chunk             |     2 |     2 ||     4
Armor: Skin              |    48 |    12 ||    60
Dodge: Dodged            |    73 |    19 ||    92
